cohdb
Replays
Latest Replays
All Replays
Popular Replays
Top Player Replays
Match Explorer
How It Works
Community
CoH3 Stats
Reddit
Sign in to upload your games and track your stats! →
Sign in with Steam
Match 45508100
Unlisted
Match 45508100
Overview
Messages
Build Orders
End
Construct Infanterie Kompanie
Kettenkrad Recon Vehicle
MG 42 Machine Gun Team
Grenadier Squad
Grenadier Squad
Construct Panzergrenadier Kompanie
251 Medium Carrier
251 Medium Carrier
Selects Mechanized Battlegroup
Selects Raid Package
Selects Mobile Repair Stations
Panzergrenadier Squad
Panzergrenadier Officer Quarters
Pak 40 Anti-tank Gun Team
Pak 40 Anti-tank Gun Team
MG 42 Machine Gun Team
Selects Raid Package
Selects 8 Rad Armored Car
tidi
Le rat Madan
小学猫
̶H̶e̶c̶t̶o̶r̶
Herr Heinler
Rummel
娘希匹,优势在我!
...........
0
0
Comments
sign in to comment!
No comments posted yet!